 Dungeon Crawl Stone Soup version 0.30-a0-159-g068b764562 (webtiles) character file.

Game seed: 6174631240077982723

1562 Sobieck the Slicer (level 9, 0/54 HPs)
             Began as a Kobold Gladiator on Sept 27, 2022.
             Was a Follower of Uskayaw.
             Slain by a gnoll bouda
             ... wielding a +1 whip of electrocution
              (9 damage)
             ... on level 6 of the Dungeon.
             The game lasted 00:10:37 (6537 turns).

Sobieck the Slicer (Kobold Gladiator)               Turns: 6537, Time: 00:10:37

Health: 0/54       AC:  5    Str: 11    XL:     9   Next: 13%
Magic:  11/11      EV: 18    Int: 10    God:    Uskayaw [*.....]
Gold:   282        SH:  0    Dex: 20    Spells: 8/8 levels left

rFire   . . .      SeeInvis .    a - +0 rapier {short}
rCold   . . .      Faith    .    (no shield)
rNeg    . . .      Spirit   .    b - +0 leather armour
rPois   +          Reflect  .    c - +0 helmet
rElec   .          Harm     .    (no cloak)
rCorr   .          Rampage  .    (no gloves)
Will    +....                    m - +0 pair of boots
Stlth   +++++.....               (no amulet)
HPRegen 0.18/turn                i - ring of poison resistance
MPRegen 0.12/turn                o - ring of willpower

@: no status effects
A: small, no large weapons, nightstalker 3
a: Renounce Religion, Stomp


You were on level 6 of the Dungeon.
You worshipped Uskayaw.
Uskayaw was noncommittal.
You visited 2 branches of the dungeon, and saw 7 of its levels.

You collected 282 gold pieces.


Innate Abilities, Weirdness & Mutations

You are small and have problems with some larger weapons.
You are completely attuned to the shadows.


   Skills:
 - Level 5.0 Fighting
 * Level 8.9 Short Blades
 - Level 2.5 Throwing
 + Level 6.1 Dodging
 * Level 8.4 Stealth
 + Level 3.0 Invocations


You had 8 spell levels left.
You didn't know any spells.
Your spell library contained the following spells:

 Spells                   Type           Power      Damage    Failure   Level
 Apportation              Tloc           0%         N/A       45%         1
 Beastly Appendage        Tmut           0%         N/A       45%         1
 Ensorcelled Hibernation  Hex/Ice        0%         N/A       58%         2
 Passwall                 Tmut/Erth      0%         N/A       58%         2
 Poisonous Vapours        Pois/Air       0%         N/A       58%         2
 Wereblood                Tmut           0%         N/A       58%         2
 Frozen Ramparts          Ice            0%         1d1       83%         3
 Spider Form              Tmut/Pois      0%         N/A       83%         3
 Swiftness                Air            0%         N/A       83%         3
 Ice Form                 Ice/Tmut       0%         N/A       99%         4
 Summon Ice Beast         Ice/Summ       0%         N/A       99%         4
 Alistair's Intoxication  Tmut/Pois      0%         N/A       100%        5
 Fireball                 Conj/Fire      0%         3d3       100%        5
 Lightning Bolt           Conj/Air       0%         1d11      100%        5
 Maxwell's Capacitive Co  Air            0%         ∞         100%        8

Inventory:

Hand Weapons
 a - a +0 rapier (weapon) {short}
 s - a +0 hand axe of flaming {axe}
   (You took it off an orc on level 2 of the Dungeon)
 G - a +2 dagger of freezing {short}
   (You found it on level 5 of the Dungeon)
Missiles
 d - 3 throwing nets (quivered) {=f!fthrowing}
 e - 5 boomerangs {throwing}
 f - 46 stones {throwing}
Armour
 b - a +0 leather armour (worn)
 c - a +0 helmet (worn)
 g - a +0 robe
   (You found it on level 1 of the Dungeon)
 k - a +0 leather armour
   (You took it off an orc priest on level 3 of the Dungeon)
 l - a +0 chain mail
   (You took it off an orc on level 3 of the Dungeon)
 m - a +0 pair of boots (worn)
   (You found it on level 1 of the Dungeon)
 p - a +0 scale mail
   (You found it on level 2 of the Dungeon)
 q - a +0 chain mail
   (You took it off an orc on level 3 of the Dungeon)
 t - a +0 ring mail
   (You took it off an orc on level 2 of the Dungeon)
 v - a +0 robe
   (You found it on level 2 of the Dungeon)
 x - a +0 leather armour
   (You found it on level 2 of the Dungeon)
 y - a +0 leather armour
   (You found it on level 2 of the Dungeon)
 B - a +0 robe
   (You took it off Sigmund on level 3 of the Dungeon)
 C - a +0 chain mail
   (You took it off an orc on level 3 of the Dungeon)
 D - a +0 leather armour
   (You found it on level 3 of the Dungeon)
 E - a +0 ring mail
   (You found it on level 3 of the Dungeon)
 H - a +0 robe
   (You found it on level 5 of the Dungeon)
 I - a +0 leather armour
   (You took it off an orc on level 5 of the Dungeon)
 J - a +0 leather armour
   (You took it off an orc on level 5 of the Dungeon)
 M - a +0 ring mail
   (You found it on level 4 of the Dungeon)
 N - a +0 leather armour
   (You found it on level 4 of the Dungeon)
 O - a +0 leather armour
   (You found it on level 4 of the Dungeon)
 Q - a +0 scale mail
   (You found it on level 4 of the Dungeon)
 T - a +0 chain mail
   (You took it off an orc on level 5 of the Dungeon)
Magical Staves
 R - a staff of death {!astaff}
   (You found it on level 4 of the Dungeon)
Jewellery
 i - a ring of poison resistance (left hand)
   (You found it on level 1 of the Dungeon)
 o - a ring of willpower (right hand)
   (You found it on level 2 of the Dungeon)
Wands
 F - a wand of polymorph (12)
   (You found it on level 3 of the Dungeon)
 V - a wand of charming (3)
   (You found it on level 6 of the Dungeon)
Scrolls
 u - 5 scrolls of teleportation {@r4}
 A - a scroll of silence {!r}
 S - a scroll of immolation {!r!r}
Potions
 h - 5 potions of curing {@q1}
 j - a potion of heal wounds {@q2}
 n - 2 potions of ambrosia {unknown}
 r - 2 potions of cancellation
 w - a potion of haste {unknown}
 z - 2 potions of brilliance {unknown}
 K - a potion of flight {unknown}
 L - a potion of magic {unknown}
 P - a potion of lignification {unknown}
 U - a potion of mutation {unknown}

Dungeon Overview and Level Annotations

Branches:
Dungeon (6/15) Zot: 26713  Temple (1/1) D:5 Zot: 5667

Altars:
Ashenzari
Fedhas
Gozag
Hepliaklqana
Makhleb
Nemelex Xobeh
Uskayaw
Vehumet
Zin

Annotations:
D:3 2 transporters, valliere's ghost, amateur DsGl

##...##.....###.......
##.####.##....#.......
......................
........####..#..##..#
........# #.....# ..#
#..####.# #.#...# ..
...# #.# #..#..##..
.#.# #.####.?.......
.#.####.......##@....
.........###.. #g#...
...............g.....
####.###.###..##+####
#.# #g.##..#. .○○○ #.#
#g.....## #### ...
#...... ... #......
.......


You could see a gnoll bouda and a gnoll (swift).


Message History

Unknown command.
You now have 282 gold pieces (gained 16). 2 gnolls come into view.
Danger!
An adder comes into view.
The adder hisses angrily.
The gnoll shouts! x2; You hear a shout!
A gnoll bouda comes into view.
It is wielding a +1 whip of electrocution.
The gnoll bouda shouts!
Unknown command.
The adder attacks as you move away! The adder completely misses you.
The adder misses you.
Unknown command.
The adder attacks as you move away! The adder closely misses you.
The adder bites you but does no damage. The adder barely misses you.
The adder attacks as you move away! The adder bites you but does no damage.
The adder attacks as you move away! The adder misses you.
The adder attacks as you move away! The adder bites you but does no damage.
You hear the rusting of a very distant drain.
The adder completely misses you. The adder closely misses you.
The adder bites you but does no damage.
There is a stone staircase leading up, spattered with blood here.
Unknown command.
The adder closely misses you.
You climb upwards.
There is a stone staircase leading down here.
Unknown command.
Unknown command.
You miss the adder. The adder completely misses you.
You puncture the adder! The adder misses you.
You puncture the adder!
You kill the adder!
No target in view!
You climb downwards.
You hear the sound of rushing water.
There is an entrance to a sewer on this level.
Hurry and find it before the portal rusts away!
The gnoll misses you.
There is a stone staircase leading up, spattered with blood here.
Danger!
The gnoll closely misses you.
Unknown command.
You hit the gnoll. The gnoll barely misses you.
You barely miss the gnoll.
Unknown command.
You barely miss the gnoll. The gnoll completely misses you.
You closely miss the gnoll. The gnoll closely misses you.
Unknown command.
You barely miss the gnoll. The gnoll barely misses you.
You puncture the gnoll!
Unknown command.
You completely miss the gnoll. The gnoll closely misses you.
You barely miss the gnoll. The gnoll hits you with a +0 halberd!
Unknown command.
You barely miss the gnoll. The gnoll hits you with a +0 halberd!
Unknown command.
You hit the gnoll but do no damage. The gnoll misses you.
You puncture the gnoll!
You kill the gnoll!
Your Invocations skill increases to level 3!
Unknown command.
Things that are here:
a +0 halberd {polearm}; a gnoll corpse
There is a stone staircase leading up, spattered with blood here.
You start resting.
You hear the rusting of a very distant drain.
Unknown command.
You start resting.
You hear the brisk rusting of a very distant drain.
V - a wand of charming (3) Unknown command.
A gnoll bouda is nearby!
Danger!
A gnoll comes into view. It is wielding a +0 spear.
The gnoll bouda misses you.
The gnoll shouts!
You hit the gnoll bouda but do no damage.
The gnoll bouda barks out a call to the hunt!
The gnoll picks up the pace!
The gnoll misses you.
Unknown command.
You hit the gnoll bouda but do no damage.
The gnoll bouda barely misses you.
The gnoll hits you from afar with a +0 spear.
You hit the gnoll bouda but do no damage.
The gnoll bouda hits you with a +1 whip of electrocution!
You are electrocuted!!
* * * LOW HITPOINT WARNING * * *
The gnoll hits you from afar with a +0 spear.
* * * LOW HITPOINT WARNING * * *
You hit the gnoll bouda.
Unknown command.
The gnoll bouda attacks as you move away!
The gnoll bouda hits you with a +1 whip of electrocution.
* * * LOW HITPOINT WARNING * * *
The gnoll closely misses you.
The gnoll bouda attacks as you move away!
The gnoll bouda hits you with a +1 whip of electrocution!
* * * LOW HITPOINT WARNING * * *
You are electrocuted!
You die...

Skill      XL: |  1  2  3  4  5  6  7  8  9 |
---------------+----------------------------+-----
Stealth        | 1 2 4 5 6 8 |  8.4
Dodging        | 4 5 6 |  6.1
Fighting       | 3 4 5 |  5.0
Short Blades   | 5 6 7 8 |  8.9
Invocations    | 1 2 3 |  3.0
Throwing       | |  2.5

Action                   |  1- 3 |  4- 6 |  7- 9 || total
-------------------------+-------+-------+-------++-------
Melee: Rapier            |    59 |    45 |   206 ||   310
       Punch             |       |     2 |     2 ||     4
Invok: Line Pass         |       |       |     3 ||     3
  Use: Potion            |       |     1 |     3 ||     4
       Scroll            |       |       |    10 ||    10
 Stab: Sleeping          |    10 |    10 |    20 ||    40
       Confused          |       |       |     1 ||     1
       Paralysed         |       |       |     3 ||     3
       Distracted        |       |       |     2 ||     2
Armor: Leather armour    |    16 |     1 |    29 ||    46
Dodge: Dodged            |    38 |    19 |   138 ||   195

Levels and vault maps discovered:
D:1:      nicolae_arrival_kraken_aquarium_b, layout_basic,
          nicolae_figureground_sparkle
D:2:      layout_loops_ring, basic_altar
D:3:      layout_basic, old_standard_altar, ebering_ecumenical_altar_rust,
          gammafunk_ghost_smash, kennysheep_cluttered_room, uniq_sigmund,
          uniq_grinder
D:4:      layout_basic, ldierk_geyser
D:5:      layout_basic, grunt_temple_overflow_gold_and_silver,
          minmay_temple_entry_arrows
D:6:      lemuel_ice_spiral_2, layout_rooms, portal_sewer_entry_e, minmay_puff,
          uniq_prince_ribbit1
Temple:   nicolae_temple_x_marks_the_god

Notes
Turn   | Place    | Note
-------+----------+-------------------------------------------
     0 | D:1      | Sobieck the Kobold Gladiator began the quest for the Orb.
     0 | D:1      | Reached XP level 1. HP: 12/12 MP: 1/1
     2 | D:1      | Noticed a minotaur
     2 | D:1      | Noticed a minotaur
     2 | D:1      | Noticed a kraken
     2 | D:1      | Noticed a gargoyle
     2 | D:1      | Noticed a demonspawn
     2 | D:1      | Noticed a demonspawn
     2 | D:1      | Noticed a ghoul
     2 | D:1      | Killed a gargoyle
     3 | D:1      | Noticed an ogre
     3 | D:1      | Noticed a human
     6 | D:1      | Killed a human
     7 | D:1      | Noticed a felid
     7 | D:1      | Killed a demonspawn
     8 | D:1      | Noticed an elf
    10 | D:1      | Killed a vampire
    11 | D:1      | Killed a minotaur
    12 | D:1      | Killed an elf
    13 | D:1      | Killed a human
    13 | D:1      | Killed a felid
    14 | D:1      | Killed a kraken
    87 | D:1      | Noticed a demonspawn
   251 | D:1      | Reached skill level 1 in Stealth
   251 | D:1      | Reached XP level 2. HP: 17/17 MP: 2/2
  1225 | D:2      | Reached XP level 3. HP: 16/22 MP: 3/3
  1442 | D:2      | Found a broken altar of Ashenzari.
  1454 | D:2      | Reached skill level 2 in Stealth
  1537 | D:2      | You pick up a book of Burglary and begin reading...
  1537 | D:2      | You add the spells Passwall, Ensorcelled Hibernation and
                  | Swiftness to your library.
  1685 | D:2      | Reached XP level 4. HP: 27/27 MP: 4/4
  1724 | D:2      | You pick up a book of Changes and begin reading...
  1724 | D:2      | You add the spells Beastly Appendage, Wereblood and Spider
                  | Form to your library.
  1823 | D:2      | Reached skill level 4 in Dodging
  2039 | D:3      | Noticed Sigmund
  2051 | D:3      | Killed Sigmund
  2052 | D:3      | Reached skill level 3 in Fighting
  2052 | D:3      | Reached skill level 5 in Short Blades
  2052 | D:3      | Reached skill level 4 in Stealth
  2052 | D:3      | Reached XP level 5. HP: 23/32 MP: 5/5
  2052 | D:3      | Reached XP level 6. HP: 27/37 MP: 6/6
  2162 | D:3      | Found a faded altar of an unknown god.
  2197 | D:3      | Found a burning altar of Makhleb.
  2238 | D:3      | You add the spells Poisonous Vapours, Fireball, Lightning
                  | Bolt and Maxwell's Capacitive Coupling to your library.
  2238 | D:3      | Got the Textbook on the Arsonist and Weather
  2306 | D:3      | You fall into a shaft and drop 1 floor!
  2314 | D:4      | Noticed an ogre
  2326 | D:4      | Killed an ogre
  2327 | D:4      | Reached skill level 6 in Short Blades
  2327 | D:4      | Noticed an ogre
  2330 | D:5      | Entered Level 5 of the Dungeon
  2478 | D:5      | Found a staircase to the Ecumenical Temple.
  2486 | Temple   | Entered the Ecumenical Temple
  2490 | Temple   | Became a worshipper of Uskayaw the Reveller
  2507 | Temple   | Reached * piety under Uskayaw
  2519 | Temple   | Reached skill level 5 in Stealth
  2519 | Temple   | Reached XP level 7. HP: 12/41 MP: 7/7
  2751 | Temple   | Reached ** piety under Uskayaw
  3006 | D:5      | Reached skill level 5 in Dodging
  3176 | D:4      | Reached skill level 4 in Fighting
  3219 | D:4      | You pick up a book of Rime and begin reading...
  3219 | D:4      | You add the spells Frozen Ramparts, Ice Form and Summon Ice
                  | Beast to your library.
  3276 | D:3      | Reached skill level 7 in Short Blades
  3304 | D:3      | HP: 6/43 [orc priest/+0 flail (9)]
  3308 | D:3      | Reached skill level 6 in Stealth
  3900 | D:3      | Found a transporter.
  3903 | D:3      | Identified the +4 dire flail "Vegum" {vorpal, Will+}
  3903 | D:3      | Noticed valliere's ghost (amateur DsGl)
  3905 | D:3      | Found a transporter.
  4022 | D:3      | Noticed Grinder
  4029 | D:3      | Killed Grinder
  4030 | D:3      | Reached skill level 1 in Invocations
  4030 | D:3      | Reached XP level 8. HP: 48/48 MP: 8/8
  4435 | D:4      | Reached skill level 7 in Stealth
  4808 | D:4      | Reached skill level 8 in Short Blades
  5465 | D:5      | Reached skill level 2 in Invocations
  5569 | D:5      | Reached *** piety under Uskayaw
  5571 | D:5      | Reached **** piety under Uskayaw
  5581 | D:5      | HP: 12/48 [phantom (2)]
  5586 | D:5      | HP: 8/48 [phantom (5)]
  5591 | D:5      | Reached skill level 6 in Dodging
  5591 | D:5      | Reached skill level 8 in Stealth
  5591 | D:5      | Reached XP level 9. HP: 34/53 MP: 6/10
  5996 | D:5      | Found a glowing silver altar of Zin.
  5996 | D:5      | Found an opulent altar of Gozag.
  6302 | D:6      | Reached skill level 5 in Fighting
  6359 | D:6      | You pick up a book of Party Tricks and begin reading...
  6359 | D:6      | You add the spells Apportation and Alistair's Intoxication
                  | to your library.
  6425 | D:6      | Reached skill level 3 in Invocations
  6537 | D:6      | HP: 9/54 [gnoll bouda/+1 whip of electrocution (9)]
  6537 | D:6      | Slain by a gnoll bouda

Vanquished Creatures
  Grinder (D:3)
  Sigmund (D:3)
  A black bear (D:5)
  3 ogres (D:4)
  A sky beast (D:6)
  2 phantoms (D:5)
  2 scorpions (D:5)
  A bullfrog (D:6)
  A jelly (D:5)
  2 orc priests
  3 hounds
  An orc wizard (Temple)
  3 iguanas
  A gnoll (D:6)
  9 adders
  2 ufetubi
  A worm (D:4)
  A dart slug (D:1)
  14 orcs
  9 ball pythons
  5 bats
  6 endoplasms
  3 giant cockroaches
  3 goblins
  4 hobgoblins
  6 jackals (D:5)
  3 kobolds
  A quokka (D:3)
  A frilled lizard (D:2)
  2 rats
93 creatures vanquished.

Vanquished Creatures (others)
  A kraken (D:1)
  A minotaur (D:1)
  A demonspawn (D:1)
  A gargoyle (D:1)
  An elf (D:1)
  A vampire (D:1)
  2 humans (D:1)
  A felid (D:1)
  A mummy (D:1)
  A gnoll (D:1)
  5 tentacles (D:1)
16 creatures vanquished.

Grand Total: 109 creatures vanquished

Table legend:
 A = Non-vault XP
 B = Vault XP
 C = Vault XP percentage of total XP
 D = Non-vault monster count
 E = Vault monster count
 F = Vault count percentage of total count
                 A         B        C        D         E       F
            +---------+---------+-------+---------+---------+-------
      Total |    1741 |     491 |  22.0 |      91 |       2 |   2.2
            +---------+---------+-------+---------+---------+-------
        D:1 |      27 |       0 |   0.0 |      14 |       0 |   0.0
        D:2 |      61 |       0 |   0.0 |      16 |       0 |   0.0
        D:3 |      89 |     491 |  84.7 |      16 |       2 |  11.1
        D:4 |     497 |       0 |   0.0 |      16 |       0 |   0.0
        D:5 |     765 |       0 |   0.0 |      22 |       0 |   0.0
        D:6 |     231 |       0 |   0.0 |       5 |       0 |   0.0
     Temple |      71 |       0 |   0.0 |       2 |       0 |   0.0
            +---------+---------+-------+---------+---------+-------

Illustrated notes

Table legend:
 A = Kills in this place as a percentage of kills in entire the game.
 B = Kills by you in this place as a percentage of kills by you in the entire game.
 C = Kills by friends in this place as a percentage of kills by friends in the entire game.
 D = Other kills in this place as a percentage of other kills in the entire game.
 E = Experience gained in this place as a percentage of experience gained in the entire game.
 F = Experience gained in this place divided by the number of levels of this place that you have seen.
                   A       B       C       D       E      F
               +-------+-------+-------+-------+-------+----------------------
         Total | 100.0 | 100.0 |   N/A | 100.0 | 100.0 | 318.9
       Dungeon |  97.8 |  97.8 |   N/A | 100.0 |  96.8 | 360.2
        Temple |   2.2 |   2.2 |   N/A |   0.0 |   3.2 |  71.0
               +-------+-------+-------+-------+-------+----------------------

Table legend: (Time is in decaauts)
 A = Elapsed time spent in this place.
 B = Non-inter-level travel time spent in this place.
 C = Inter-level travel time spent in this place.
 D = Time resting spent in this place.
 E = Time spent auto-exploring this place.
 F = Levels seen in this place.
 G = Mean time per level.
                   A        B        C        D        E       F      G
               +--------+--------+--------+--------+--------+-----+--------+
         Total |   6498 |   6244 |    254 |   1371 |   4020 |   7 |  928.3 |
       Dungeon |   6165 |   5911 |    254 |   1070 |   4020 |   6 | 1027.5 |
        Temple |    332 |    332 |      0 |    301 |      0 |   1 |  332.0 |
               +--------+--------+--------+--------+--------+-----+--------+

Top non-repeatable levels by time:
     D:5: 1589 daAuts
     D:1: 1212 daAuts
     D:3: 1179 daAuts
     D:4: 1088 daAuts
     D:2: 814 daAuts
  Temple: 332 daAuts
     D:6: 281 daAuts
